Map: Blackpink LE

Players

Infamous - Winner!

  • Race: Protoss Protoss
  • Spawn Location: 1:00

A.I. 1 (Elite)

  • Race: Terran Terran
  • Spawn Location: 7:00

VOD

Have the link to the VOD?

Description

Time

  • Played on: April 24, 2018, 1:14 p.m.
  • Length: 13:33
Show
View Real Time Build Order
Export as new Build Order

Infamous Protoss - Winner!

Build Orders: 1 Gate Expand, Double Forge 

Get SALT Encoding   

  12  0:02  Probe  
  13  0:14  Pylon  
  13  0:16  Probe  
  14  0:24  Probe  
  14  0:35  Probe, Gateway  
  16  0:47  Probe  
  17  0:53  Assimilator  
  17  0:57  Probe  
  18  1:06  Probe  
  19  1:26  Nexus  
  19  1:28  Probe  
  20  1:43  Cybernetics Core  
  20  1:44  Probe  
  20  1:55  Zealot  
  22  2:07  Probe  
  23  2:11  Warp Gate  
  23  2:12  Pylon  
  23  2:13  Assimilator  
  23  2:31  Gateway  
  23  2:33  Gateway  
  23  2:34  Probe  
  23  2:38  Probe  
  25  2:51  Probe  
  25  2:54  Probe  
  25  2:55  Shield Battery, Stalker  
  29  3:27  Stalker  
  29  3:30  Probe x2  
  29  3:33  Sentry  
  37  3:34  Zealot  
  37  3:39  Robotics Facility  
  37  3:48  Probe x2  
  37  3:56  Shield Battery  
  37  3:58  Pylon  
  37  4:00  Probe  
  38  4:12  Pylon  
  38  4:14  Probe  
  38  4:16  Probe  
  40  4:28  Pylon  
  41  4:31  Observer  
  41  4:33  Forge  
  41  4:35  Stalker, Forge  
  41  4:36  Zealot  
  45  4:41  Probe x2  
  45  4:44  Zealot  
  45  4:45  Immortal  
  49  4:51  Protoss Ground Weapons Level 1  
  53  5:06  Probe x2  
  55  5:11  Assimilator  
  55  5:12  Protoss Ground Armor Level 1  
  55  5:18  Sentry, Probe  
  55  5:19  Probe, Stalker  
  61  5:32  Immortal  
  65  5:39  Probe x2  
  67  5:47  Stalker, Assimilator  
  67  5:48  Pylon  
  69  5:59  Probe  
  69  6:00  Pylon  
  70  6:04  Shield Battery  
  70  6:06  Probe, Photon Cannon  
  71  6:16  Stalker x3  
  76  6:27  Immortal  
  80  6:41  Protoss Shields Level 1  
  80  6:46  Twilight Council  
  80  6:48  Zealot x2  
  80  6:49  Zealot  
  86  6:58  Pylon  
  86  7:04  Pylon  
  86  7:07  Immortal  
  86  7:21  Protoss Ground Armor Level 2  
  90  7:25  Robotics Bay  
  90  7:32  Robotics Facility  
  90  7:39  Charge  
  90  7:43  Nexus  
  90  7:44  Stalker  
  90  7:45  Zealot  
  90  7:46  Zealot  
  96  8:03  Pylon  
  96  8:04  Probe x2  
  98  8:07  Extended Thermal Lance  
  98  8:08  Sentry, Zealot  
  98  8:11  Immortal  
  106  8:28  Zealot  
  108  8:46  Probe x2  
  110  8:53  Colossus  
  110  8:54  Probe  
  116  8:56  Probe  
  116  8:58  Protoss Ground Weapons Level 2  
  116  8:59  Probe  
  116  9:02  Sentry  
  121  9:03  Zealot  
  121  9:04  Zealot  
  125  9:11  Assimilator  
  125  9:19  Pylon  
  125  9:21  Probe  
  125  9:22  Immortal  
  125  9:23  Pylon  
  108  9:45  Protoss Ground Armor Level 3  
  108  9:50  Stalker x3  
  114  10:10  Gateway  
  114  10:12  Gateway  
  114  10:14  Gateway  
  114  10:17  Probe  
  114  10:18  Probe x2, Gateway, Assimilator  
  114  10:19  Immortal  
  114  10:20  Gateway  
  117  10:26  Stalker  
  117  10:27  Stalker x2  
  123  10:34  Immortal  
  111  11:02  Stalker  
  111  11:03  Stalker x2  
  117  11:04  Immortal x2  
  125  11:19  Probe x2  
  125  11:20  Probe  
  125  11:24  Zealot x3  
  125  11:25  Zealot x2  
  138  11:45  Zealot  
  140  11:54  Probe  
  141  12:06  Pylon  
  141  12:09  Pylon  
  141  12:12  Pylon  
  141  12:14  Nexus  
  141  12:16  Pylon  
  141  12:19  Pylon  
  141  12:22  Probe x2  
  141  12:25  Immortal  
  141  12:28  Probe  
  141  12:29  Immortal  
  148  12:30  Probe x2  
  154  12:39  Probe  
  154  12:40  Probe  
  154  12:42  Stalker  
  154  12:43  Stalker  
  160  12:44  Sentry  
  160  12:45  Sentry  
  168  13:06  Templar Archives  
Show
View Real Time Build Order
Export as new Build Order

A.I. 1 (Elite) Terran 

Build Orders: Bio Tank 

Get SALT Encoding   

  12  0:00  SCV  
  13  0:13  SCV  
  14  0:18  Supply Depot  
  14  0:25  SCV  
  15  0:40  SCV  
  16  0:43  Barracks  
  16  0:52  SCV  
  18  1:04  SCV  
  18  1:16  SCV  
  18  1:17  Supply Depot  
  19  1:21  Refinery  
  19  1:28  SCV  
  19  1:32  Marine  
  21  1:40  SCV  
  22  1:49  Marine  
  22  1:50  Refinery  
  22  1:52  SCV  
  24  2:04  SCV  
  24  2:07  Marine  
  26  2:16  SCV  
  26  2:21  Factory  
  27  2:25  Marine  
  27  2:28  SCV  
  29  2:39  Factory  
  29  2:41  SCV  
  29  2:43  Marine  
  31  2:45  Supply Depot  
  31  2:53  Orbital Command  
  31  3:04  Factory Tech Lab  
  31  3:06  Marine  
  32  3:18  SCV  
  33  3:22  Command Center  
  33  3:23  Factory Tech Lab  
  33  3:24  Marine  
  34  3:30  SCV  
  35  3:43  SCV  
  35  3:45  Barracks  
  36  3:51  Starport  
  36  3:54  Barracks Tech Lab  
  36  3:55  SCV  
  37  4:07  SCV  
  37  4:08  Supply Depot  
  38  4:15  Stimpack  
  38  4:19  SCV  
  39  4:29  Marine, Medivac  
  42  4:31  Marine  
  42  4:32  Supply Depot  
  42  4:36  Orbital Command  
  43  4:41  Supply Depot  
  43  4:45  Hellion  
  45  4:47  Marine  
  45  4:49  Barracks Tech Lab  
  45  4:50  Hellion  
  48  4:59  Medivac  
  50  5:05  Marine  
  50  5:06  Siege Tank  
  54  5:07  Combat Shields  
  54  5:11  Hellion  
  56  5:23  Marauder  
  56  5:26  Marauder  
  60  5:31  Command Center  
  60  5:32  Siege Tank  
  63  5:39  Hellion  
  65  5:54  Marauder  
  65  5:55  Supply Depot  
  67  6:00  Siege Tank  
  67  6:01  Engineering Bay  
  70  6:17  Siege Tank, Engineering Bay  
  73  6:28  Marauder x2  
  73  6:30  Supply Depot  
  77  6:44  SCV x3  
  77  6:45  Terran Infantry Weapons Level 1  
  80  6:51  Refinery  
  80  6:54  Refinery  
  80  6:56  SCV  
  80  6:57  SCV x2  
  83  7:08  SCV  
  84  7:09  Command Center  
  84  7:11  SCV  
  84  7:13  SCV  
  86  7:19  Terran Infantry Armor Level 1  
  86  7:20  SCV  
  87  7:23  SCV  
  87  7:25  SCV  
  89  7:32  Armory, SCV  
  90  7:37  SCV  
  91  7:50  Armory  
  91  8:01  Hellion, Factory  
  95  8:05  Hellion  
  95  8:12  Supply Depot  
  95  8:19  Terran Vehicle Weapons Level 1  
  95  8:21  SCV x3  
  95  8:22  Siege Tank, SCV  
  95  8:26  Siege Tank  
  105  8:33  SCV  
  105  8:34  SCV x3  
  107  8:38  Terran Vehicle And Ship Armor Level 1  
  107  8:40  Infernal Pre-Igniter  
  109  8:45  SCV  
  109  8:46  SCV x2  
  109  8:47  SCV  
  113  8:56  Thor  
  113  8:57  SCV  
  113  9:00  Supply Depot, SCV  
  113  9:02  SCV  
  122  9:03  SCV  
  122  9:09  SCV  
  124  9:13  Thor  
  124  9:17  Marauder  
  132  9:19  Marine  
  122  9:25  Supply Depot  
  102  9:31  Hellion  
  102  9:37  Marine  
  102  9:38  Marauder  
  91  9:39  Hellion  
  91  9:41  Refinery  
  93  9:46  Refinery  
  93  9:52  Orbital Command  
  95  9:53  Hellion  
  95  9:56  Marauder, Siege Tank  
  95  9:57  Missile Turret  
  95  9:59  Marauder  
  102  10:01  Hellion  
  102  10:04  SCV  
  105  10:09  SCV x2  
  109  10:14  Hellion  
  109  10:15  Missile Turret  
  109  10:17  Marauder, SCV  
  109  10:21  Marauder  
  114  10:22  Siege Tank  
  114  10:23  SCV  
  119  10:28  Hellion  
  119  10:31  Supply Depot  
  119  10:32  Planetary Fortress  
  119  10:36  Missile Turret  
  119  10:38  Marine  
  119  10:39  Factory Tech Lab, Missile Turret  
  119  10:41  Marine  
  121  10:49  Siege Tank  
  115  10:54  Thor  
  115  10:56  Marauder  
  96  10:58  Hellion  
  96  11:00  Marauder  
  96  11:02  SCV  
  87  11:17  Marine  
  62  11:20  Hellion  
  62  11:21  Marauder, Siege Tank  
  61  11:30  SCV  
  61  11:32  SCV  
  62  11:35  SCV  
  58  11:42  SCV  
  58  11:43  Marauder  
  58  11:44  SCV  
  51  11:51  Command Center  
  51  11:52  SCV  
  53  11:56  SCV  
  45  12:03  Marine  
  45  12:04  SCV  
  44  12:08  SCV  
  44  12:10  Refinery  
  38  12:23  Supply Depot  
  15  12:52  Command Center  
  13  13:00  Barracks  
Tags
 
Add a new tag
Caveats
  • Supply blocks, unpowered buildings, or Contaminate may cause inaccurate times.
  • Supply counts are checked every 10 seconds.